 Dungeon Crawl Stone Soup version 0.31-a0-844-gdc52ec4e09 (webtiles) character file.

Game seed: 10694995097572229356

299 LeprechaunX the Changeling (level 6, -6/38 (41) HPs)
             Began as an Octopode Shapeshifter on Sept 28, 2023.
             Mangled by a wight
             ... wielding a +0 mace
              (7 damage)
             ... on level 5 of the Dungeon.
             The game lasted 00:03:57 (3390 turns).

LeprechaunX the Changeling (Octopode Shapeshifter)  Turns: 3390, Time: 00:03:58

HP:   -6/38 (41)    AC:  1    Str: 15    XL:     6   Next: 36%
MP:   6/6           EV: 19    Int: 13    God:
Gold: 237           SH:  0    Dex: 17    Spells: 5/5 levels left

rFire   . .          .
                       - Unarmed
rCold   . . .        (no shield)
rNeg    + . .        (helmet currently unavailable)
rPois   .            (no amulet)
rElec   .            f - ring of wizardry
rCorr   .            g - ring of positive energy
SInv    .            k - +5 ring of evasion
Will    .....        m - +6 ring of dexterity
Stlth   +++          (no ring)
HPRegen 0.26/turn    (no ring)
MPRegen 0.10/turn    (no ring)
                     (no ring)

%: wizardry (x1)
@: beast-form, drained
A: beast (slay +2), almost no armour, amphibious, 8 rings, camouflage 1,
gelatinous body 1, (nimble swimmer 1), tentacles
a: Begin Untransformation


You were on level 5 of the Dungeon.
You were a hulking beast.
You visited 1 branch of the dungeon, and saw 5 of its levels.

You collected 237 gold pieces.

Inventory:

Hand Weapons
 a - a +0 sling
Jewellery
 f - a ring of wizardry (left tentacle)
 g - a ring of positive energy (right tentacle)
 k - a +5 ring of evasion (on tentacle)
 m - a +6 ring of dexterity (on tentacle)
Talismans
 b - a beast talisman (active)
 c - a flux talisman
Wands
 n - a wand of polymorph (8)
 o - a wand of charming (11)
Scrolls
 d - 2 scrolls of immolation {unknown}
 e - a scroll of silence {unknown}
 i - a scroll of noise {unknown}
 l - 2 scrolls of fog {unknown}
 p - a scroll of fear {unknown}
 r - 3 scrolls of enchant armour {unknown}
 t - a scroll of identify {unknown}
Potions
 h - 2 potions of mutation {unknown}
 j - a potion of heal wounds {unknown}
 q - 2 potions of lignification
 s - a potion of might {unknown}
 u - a potion of curing {unknown}


   Skills:
 + Level 2.7 Fighting
 + Level 3.3 Dodging
 + Level 4.0 Unarmed Combat
 * Level 4.7 Shapeshifting


You had 5 spell levels left.
You didn't know any spells.
Your spell library contained the following spells:

 Spells                   Type           Power      Damage    Failure   Level
 Kiss of Death            Conj/Necr      0%         2d5       12%         1
 Poisonous Vapours        Pois/Air       0%         N/A       19%         2
 Confusing Touch          Hex            0%         N/A       34%         3
 Mephitic Cloud           Conj/Pois/Air  0%         N/A       34%         3
 Dispel Undead            Necr           0%         3d6       73%         4
 Freezing Cloud           Conj/Ice/Air   0%         6-21      96%         5


Dungeon Overview and Level Annotations

Branches:
Dungeon (5/15)
 Temple: D:4-7

Altars:

Shops:
D:4 *


Innate Abilities, Weirdness & Mutations

You are a hulking beast.
Your limbs bulge with bestial killing power. (Slay +2)
You cannot wear most types of armour.
You are amphibious.
You can wear up to eight rings at the same time.
Your skin changes colour to match your surroundings (Stealth+).
Your rubbery body absorbs attacks. (AC +1, EV +1)
((You are camouflaged when in or above water. (Stealth+)))
You have tentacles for arms and can constrict up to eight enemies at once.


Message History

You squeeze the wight, but do no damage.
The wight is moderately damaged.
You constrict the wight. The wight barely misses you.
The wight hits you with a +0 flail! You partially resist.
You feel drained.
You barely miss the wight. You squeeze the wight.
The wight is heavily damaged.
You constrict the wight. The wight hits you with a +0 mace!
The wight completely misses you.
You are too injured to fight recklessly!
You are too injured to fight recklessly!
You are too injured to fight recklessly!
You are too injured to fight recklessly!
You are too injured to fight recklessly!
You are too injured to fight recklessly!
You are too injured to fight recklessly!
You are too injured to fight recklessly!
You are too injured to fight recklessly!
You are too injured to fight recklessly!
You are too injured to fight recklessly!
You are too injured to fight recklessly!
You are too injured to fight recklessly!
You are too injured to fight recklessly!
You are too injured to fight recklessly!
You are too injured to fight recklessly!
Unknown command.
You release your grip on the wight.
The wight attacks as it pursues you! The wight closely misses you.
The wight misses you. The wight attacks as it pursues you!
The wight misses you. The wight attacks as it pursues you!
The wight barely misses you. The wight attacks as it pursues you!
The wight hits you with a +0 mace. You partially resist.
You feel drained.
You bludgeon the wight! You grab the wight.
The wight is heavily damaged.
You constrict the wight. The wight completely misses you.
The wight hits you from afar with a +0 halberd!
* * * LOW HITPOINT WARNING * * *
You release your grip on the wight.
The wight attacks as it pursues you! The wight hits you with a +0 mace!
You die...

#...........#..............
#.....##....#..............
#..... #....#..............
##.....##....#..........$...
.............#z..z..........
########.....#z#######......
#.#...#.# #...... #.#.###z#
####### #...hz..# ###.#####
#.# #.# #.# #.# #<# ###


You could see 2 wights.

Vanquished Creatures
  A black bear (D:4)
  Ijyb (D:3)
  A sleepcap (D:4)
  An orc wizard (D:4)
  3 adders
  An ufetubus (D:5)
  3 worms
  3 dart slugs
  5 orcs
  3 endoplasms
  3 giant cockroaches
  13 goblins
  9 hobgoblins
  6 jackals
  4 kobolds
  A quokka (D:1)
  5 ball pythons
  8 bats
  2 frilled lizards
  7 rats
80 creatures vanquished.

Notes
Turn   | Place    | Note
-------+----------+-------------------------------------------
     0 | D:1      | LeprechaunX the Octopode Shapeshifter began the quest for
                  | the Orb.
     0 | D:1      | Reached XP level 1. HP: 13/13 MP: 1/1
   189 | D:1      | Reached XP level 2. HP: 18/18 MP: 2/2
   455 | D:1      | Reached XP level 3. HP: 6/23 MP: 3/3
   856 | D:2      | Found a faded altar of an unknown god.
  1118 | D:2      | Reached XP level 4. HP: 22/29 MP: 4/4
  1912 | D:3      | Noticed Ijyb
  1935 | D:3      | Killed Ijyb
  2078 | D:3      | Reached XP level 5. HP: 34/34 MP: 5/5
  2602 | D:4      | Found Xecir's Assorted Antiques.
  2738 | D:4      | Noticed a black bear
  2749 | D:4      | Killed a black bear
  2750 | D:4      | Reached XP level 6. HP: 20/41 MP: 6/6
  3333 | D:5      | Entered Level 5 of the Dungeon
  3388 | D:5      | HP: 1/38 [wight/+0 halberd (15)]
  3390 | D:5      | Mangled by a wight

Illustrated notes

Levels and vault maps discovered:
D:1:      shiori_arrival_elements, layout_loops_ring
D:2:      layout_loops_ring, shapermc_ecumenical_altar_mp_urbaneastern
D:3:      layout_loops_ring, cheibrodos_sewer_entry_bend, uniq_ijyb
D:4:      layout_cave_pods, serial_shops, shop, dk_noncrumbling_3
D:5:      layout_basic, uniq_crazy_yiuf_cottage

Skill      XL: |  1  2  3  4  5  6 |
---------------+-------------------+-----
Fighting       | 2 |  2.7
Shapeshifting  | 4 |  4.7
Dodging        | 3 |  3.3
Unarmed Combat | 4 |  4.0

Action                     |  1- 3 |  4- 6 || total
---------------------------+-------+-------++-------
  Melee: Unarmed           |    74 |    97 ||   171
         Constrict         |    21 |    33 ||    54
         Tentacles         |    17 |    30 ||    47
         Punch             |     1 |     6 ||     7
   Stab: Sleeping          |     4 |     6 ||    10
 Armour: Skin              |    33 |    34 ||    67
  Dodge: Dodged            |    41 |    78 ||   119

Table legend: (Time is in decaauts)
 A = Elapsed time spent in this place.
 B = Non-inter-level travel time spent in this place.
 C = Inter-level travel time spent in this place.
 D = Time resting spent in this place.
 E = Time spent auto-exploring this place.
 F = Levels seen in this place.
 G = Mean time per level.
                   A        B        C        D        E       F      G
               +--------+--------+--------+--------+--------+-----+--------+
         Total |   3375 |   3198 |    177 |      0 |   2701 |   5 |  675.0 |
       Dungeon |   3375 |   3198 |    177 |      0 |   2701 |   5 |  675.0 |
               +--------+--------+--------+--------+--------+-----+--------+

Top non-repeatable levels by time:
     D:4: 966 daAuts
     D:1: 802 daAuts
     D:3: 796 daAuts
     D:2: 753 daAuts
     D:5: 56 daAuts
